 Dungeon Crawl Stone Soup version 0.30-b1-2-g02819fbbbe (webtiles) character file.

Game seed: 8861105724957606094

7055 Megalobster the Severer (level 10, 0/115 HPs)
             Began as a Minotaur Berserker on Dec 28, 2023.
             Was a Priest of Trog.
             Succumbed to a killer bee's poison
             ... on level 9 of the Dungeon.
             The game lasted 00:22:00 (8018 turns).

Megalobster the Severer (Minotaur Berserker)        Turns: 8018, Time: 00:22:01

Health: 0/115      AC: 10    Str: 26    XL:     10   Next: 83%
Magic:  9/9        EV: 10    Int: 10    God:    Trog [***...]
Gold:   220        SH:  0    Dex: 10    Spells: 9/9 levels left

rFire   . . .        a - +0 battleaxe
rCold   . . .        (shield currently unavailable)
rNeg    . . .        m - +0 scale mail
rPois   .            (helmet restricted)
rElec   .            n - +0 cloak
rCorr   .            (no gloves)
SInv    .            (no boots)
Will    .....        (no amulet) Stlth
                     f - +6 ring of intelligence
HPRegen 0.39/turn    (no ring)
MPRegen 0.11/turn

%: no passive effects
@: berserking (expiring), lethally poisoned (0 -> -8), slowed
A: horns 2, retaliatory headbutt
a: Renounce Religion, Berserk, Trog's Hand


You were on level 9 of the Dungeon.
You worshipped Trog.
Trog was most pleased with you.
You visited 1 branch of the dungeon, and saw 9 of its levels.
You also visited: Bailey.

You collected 357 gold pieces.
You spent 137 gold pieces at shops.

Inventory:

Hand Weapons
 a - a +0 battleaxe (weapon)
 b - a +3 whip
 E - a +2 morningstar of freezing
 M - a +0 broad axe
Missiles
 c - 99 stones (quivered)
Armour
 i - a +0 animal skin
 m - a +0 scale mail (worn)
 n - a +0 cloak (worn)
 r - a +0 chain mail
 H - a +0 plate armour
 K - +0 steam dragon scales
Jewellery
 f - a +6 ring of intelligence (left hand)
Wands
 e - a wand of roots (21)
 v - a wand of light (5)
 D - a wand of polymorph (7)
Scrolls
 d - 10 scrolls of teleportation
 h - 2 scrolls of enchant weapon
 o - a scroll of vulnerability {unknown}
 p - 2 scrolls of magic mapping
 t - 3 scrolls of blinking
 y - a scroll of poison
 B - a scroll of amnesia
 C - a scroll of fear {unknown}
 F - a scroll of fog
 J - 2 scrolls of identify {@r1}
 L - a scroll of immolation {unknown}
Potions
 g - 2 potions of magic {unknown}
 j - 3 potions of flight
 k - 2 potions of mutation
 l - 2 potions of ambrosia {unknown}
 q - 3 potions of attraction
 s - a potion of lignification
 u - 3 potions of brilliance
 w - a potion of cancellation {unknown}
 x - 2 potions of might
 z - 2 potions of curing {@q1}
 A - a potion of heal wounds
 G - 2 potions of resistance
 I - a potion of haste {unknown}


   Skills:
 - Level 3.6 Fighting
 * Level 17.5 Axes
 + Level 9.5 Armour
 - Level 2.1 Dodging


You had 9 spell levels left.
You didn't know any spells.
Your spell library was empty.

Dungeon Overview and Level Annotations

Branches:
Dungeon (9/15)             Temple (0/1) D:5            Lair (0/5) D:9
 Bailey (visited)
    Orc: D:9-12

Altars:
Cheibriados
Fedhas
Makhleb
Okawaru
Uskayaw
Vehumet
Wu Jian
Xom
Zin

Shops:
D:8 **(

Annotations:
D:6 exclusion: statue


Innate Abilities, Weirdness & Mutations

You have a pair of horns on your head.
You reflexively headbutt those who attack you in melee.


Message History

You slice the killer bee!!
You kill the killer bee!
Trog accepts your kill.
You feel sick.
You feel sick.
You feel a strong urge to attack something.
The killer bee buzzes angrily.
You hear an angry buzzing noise.
A hornet comes into view.
You feel sick.
The hornet buzzes angrily.
The killer bee stings you but does no damage.
You closely miss the killer bee.
The killer bee stings you but does no damage.
You closely miss the killer bee. You slash the hornet!
You feel sick.
The killer bee stings you but does no damage.
The hornet stings you but does no damage.
You closely miss the killer bee.
The killer bee buzzes angrily.
You slash the hornet!
You feel sick.
You closely miss the killer bee. You miss the killer bee. You hit the hornet.
The killer bee stings you but does no damage.
The killer bee stings you.
* * * LOW HITPOINT WARNING * * *
You are more poisoned.
The killer bee poisons you! The hornet stings you!
* * * LOW HITPOINT WARNING * * *
You feel yourself slow down. The killer bee stings you!
* * * LOW HITPOINT WARNING * * *
The killer bee stings you.
* * * LOW HITPOINT WARNING * * *
You slash the hornet!
You kill the hornet!
Trog accepts your kill.
You closely miss the killer bee. x2
* * * LOW HITPOINT WARNING * * *
You feel sick.
The killer bee stings you but does no damage. x2
You miss the killer bee. You closely miss the killer bee. x2
You die...

≈≈≈≈S..#............##.<..
≈≈≈≈S...>.................
...........####...........
####....y..# #...........
##.###..# #..........# #.
#..# #..........# #. #..#
#..........# y #..#
#..........# . #@y#
#..........# #yy#
#..........# #..#
#..........# ....
............#
.................#
...................
##.................
#.................
...#######..


You could see 4 killer bees.

Vanquished Creatures
  2 vault guards (Bailey)
  2 two-headed ogres (D:8)
  Maurice (D:8)
  Prince Ribbit (Bailey)
  A hornet (D:9)
  5 humans (Bailey)
  A steam dragon (D:8)
  A water moccasin (D:7)
  2 ice beasts
  An orc warrior (D:9)
  2 sky beasts
  2 black bears
  An ogre (D:5)
  2 centaurs (D:9)
  2 phantoms (D:4)
  10 bullfrogs (Bailey)
  3 scorpions
  4 wights (D:7)
  6 killer bees
  4 howler monkeys
  2 hounds
  3 jellies
  3 orc priests
  A sleepcap (D:7)
  Jessica (D:2)
  2 iguanas
  2 orc wizards (D:7)
  A mummy (D:5)
  8 adders
  3 ufetubi
  2 worms
  2 dart slugs
  36 orcs
  3 ball pythons
  7 bats
  10 endoplasms
  3 giant cockroaches
  6 hobgoblins
  6 kobolds
  5 quokkas
  4 frilled lizards
  6 goblins
  2 hobgoblin zombies (D:5)
  A kobold zombie (D:5)
  An orc zombie (D:5)
  7 rats
180 creatures vanquished.

Vanquished Creatures (others)
  4 fungi (D:9)
  2 plants (D:9)
6 creatures vanquished.

Grand Total: 186 creatures vanquished

Notes
Turn   | Place    | Note
-------+----------+-------------------------------------------
     0 | D:1      | Megalobster the Minotaur Berserker began the quest for the
                  | Orb.
     0 | D:1      | Reached XP level 1. HP: 19/19 MP: 0/0
    78 | D:1      | Reached skill level 4 in Axes
   176 | D:1      | Reached XP level 2. HP: 18/26 MP: 1/1
   530 | D:1      | Reached skill level 5 in Axes
   724 | D:1      | Reached ** piety under Trog
   931 | D:1      | Reached XP level 3. HP: 31/31 MP: 2/2
  1144 | D:2      | Noticed Jessica
  1150 | D:2      | Killed Jessica
  1151 | D:2      | Reached skill level 6 in Axes
  1151 | D:2      | Reached XP level 4. HP: 39/39 MP: 3/3
  1748 | D:3      | Found a snail-covered altar of Cheibriados.
  1834 | D:3      | Found an ornate altar of the Wu Jian Council.
  2399 | D:4      | Found a glowing silver altar of Zin.
  2423 | D:4      | Noticed a phantom
  2433 | D:4      | Killed a phantom
  2434 | D:4      | Reached skill level 7 in Axes
  2434 | D:4      | Reached XP level 5. HP: 45/45 MP: 4/4
  2517 | D:4      | Found a blossoming altar of Fedhas.
  2699 | D:4      | Noticed a phantom
  2703 | D:4      | Killed a phantom
  2704 | D:4      | Reached skill level 8 in Axes
  2704 | D:4      | Reached XP level 6. HP: 51/51 MP: 5/5
  2740 | D:4      | Reached *** piety under Trog
  2763 | D:4      | Reached skill level 9 in Axes
  2881 | D:4      | Found a hide-covered altar of Uskayaw.
  3206 | D:5      | Entered Level 5 of the Dungeon
  3213 | D:5      | Reached XP level 7. HP: 47/57 MP: 6/6
  3325 | D:5      | Reached skill level 10 in Axes
  3623 | D:5      | Found a staircase to the Ecumenical Temple.
  3892 | D:5      | You fall into a shaft and drop 2 floors!
  3937 | D:7      | Reached skill level 11 in Axes
  3944 | D:7      | Reached XP level 8. HP: 59/64 MP: 7/7
  3961 | D:7      | Reached skill level 12 in Axes
  3967 | D:7      | HP: 2/64 [poisoned by a killer bee]
  4215 | D:5      | Found an iron altar of Okawaru.
  4566 | D:6      | Found a radiant altar of Vehumet.
  4669 | D:6      | Found a shimmering altar of Xom.
  4674 | D:6      | Reached skill level 13 in Axes
  4978 | D:6      | Found a burning altar of Makhleb.
  5381 | D:7      | Reached XP level 9. HP: 55/70 MP: 8/8
  5465 | D:7      | Reached **** piety under Trog
  5813 | D:8      | Found Numeozaq's Assorted Antiques.
  5821 | D:8      | Bought a scroll of identify for 46 gold pieces
  5942 | D:8      | Found a flagged portal.
  5963 | Bailey   | Entered a bailey
  5984 | Bailey   | Reached skill level 5 in Armour
  5996 | Bailey   | Reached skill level 14 in Axes
  6329 | Bailey   | Reached skill level 15 in Axes
  6428 | Bailey   | Noticed Prince Ribbit
  6445 | Bailey   | Killed Prince Ribbit
  6562 | Bailey   | Noticed a vault guard
  6574 | Bailey   | Killed a vault guard
  6575 | Bailey   | Reached XP level 10. HP: 57/77 MP: 9/9
  6696 | Bailey   | Noticed a vault guard
  6706 | Bailey   | Killed a vault guard
  6707 | Bailey   | Reached skill level 16 in Axes
  6791 | D:8      | Found Copenk's Antique Weapon Shoppe.
  6806 | D:8      | Noticed a two-headed ogre
  6813 | D:8      | Killed a two-headed ogre
  6939 | D:8      | Noticed a two-headed ogre
  6948 | D:8      | Killed a two-headed ogre
  7039 | D:8      | Found Daquclan's General Store.
  7045 | D:8      | Bought a scroll of teleportation for 39 gold pieces
  7045 | D:8      | Bought a potion of might for 52 gold pieces
  7173 | D:8      | Noticed Maurice
  7174 | D:8      | Reached skill level 17 in Axes
  7193 | D:8      | Killed Maurice
  7531 | D:9      | Found a staircase to the Lair.
  8016 | D:9      | HP: 5/115 [killer bee (7)]
  8017 | D:9      | HP: 2/115 [poisoned by a killer bee]
  8018 | D:9      | Succumbed to a killer bee's poison

Illustrated notes

Levels and vault maps discovered:
D:1:      onia_arrival_mini_spirals, layout_loops_ring, grunt_decor_junction
D:2:      layout_basic, grunt_decor_cap, uniq_jessica
D:3:      layout_basic, lemuel_doored_altar, cheibriados_altar_1
D:4:      layout_rooms, fedhas_altar_fruit_tree, mainiacjoe_overflow_paths,
          nicolae_uskayaw_suspiria, serial_corexii_hall, corexii_hall_statues_x,
          corexii_hall_statues_i
D:5:      layout_loops_cross, kennysheep_okawaru_gauntlet,
          minmay_temple_entry_nine_rooms, st_stairs_13, dk_noncrumbling_3,
          minmay_mini_ossuary
D:6:      layout_loops_ring, vehumet_statue, mainiacjoe_overflow_catwalk,
          mainiacjoe_overflow_chevrons
D:7:      layout_rooms
D:8:      layout_gridville, enter_bailey_4, serial_shops, kennysheep_mini_moat,
          shop, shop_statue, hangedman_decor_lopped, uniq_maurice
D:9:      layout_long_grid, general_overflow_altar, dpeg_oklobed_lair,
          erik_orc_2

Skill      XL: |  1  2  3  4  5  6  7  8  9 10 |
---------------+-------------------------------+-----
Axes           | 4 5 6 7 8 9 11 13 15 17 | 17.5
Armour         | 4 7 9 |  9.5
Fighting       | |  3.6
Dodging        | |  2.1

Action                     |  1- 3 |  4- 6 |  7- 9 | 10-12 || total
---------------------------+-------+-------+-------+-------++-------
  Melee: Hand axe          |     9 |       |       |       ||     9
         War axe           |    71 |   101 |   218 |       ||   390
         Headbutt          |     6 |     9 |    42 |     7 ||    64
         Unarmed           |       |       |     2 |       ||     2
         Punch             |       |       |     2 |     2 ||     4
         Broad axe         |       |       |       |    50 ||    50
         Battleaxe         |       |       |       |    11 ||    11
 Invoke: Berserk           |     4 |     3 |     7 |     6 ||    20
         Trog's Hand       |       |       |     2 |     1 ||     3
    Use: Potion            |       |     1 |     2 |     1 ||     4
         Scroll            |       |       |    14 |     1 ||    15
   Stab: Sleeping          |     1 |       |       |       ||     1
 Armour: Animal skin       |    12 |       |       |       ||    12
         Scale mail        |     8 |    43 |    62 |    28 ||   141
         Skin              |       |       |     9 |       ||     9
  Dodge: Dodged            |    44 |    32 |    95 |    28 ||   199
